 Dungeon Crawl Stone Soup version 0.24-a0-250-g6074511 (webtiles) character file.

Game seed: 356197095713235538

64 RoseArtemis the Cudgeler (level 3, -7/34 HPs)
             Began as a Deep Dwarf Monk on Apr 14, 2019.
             Mangled by an ogre
             ... wielding a +0 giant club
              (24 damage)
             ... on level 3 of the Dungeon.
             The game lasted 00:04:44 (1100 turns).

RoseArtemis the Cudgeler (Deep Dwarf Monk)          Turns: 1100, Time: 00:04:44

Health: -7/34      AC:  9    Str: 15    XL:     3   Next: 91%
Magic:  3/3        EV:  7    Int: 10    God:
Gold:   68         SH:  0    Dex: 15    Spells: 2/2 levels left

rFire    . . .     SeeInvis .   a - +0 mace
rCold    . . .     Gourm    .   (no shield)
rNeg     . . .     Faith    .   f - +0 chain mail
rPois    .         Spirit   .   (no helmet)
rElec    .         Reflect  .   m - +0 cloak
rCorr    .         Harm     .   (no gloves)
MR       .....                  (no boots)
Stlth    ..........             (no amulet)
HPRegen  0.00/turn              (no ring)
MPRegen  0.08/turn              (no ring)

@: non-regenerating
A: damage resistance, heal wounds, sense surroundings 1, no regeneration
a: Heal Wounds


You were on level 3 of the Dungeon.
You were not hungry.

You visited 1 branch of the dungeon, and saw 4 of its levels.

You collected 68 gold pieces.

Inventory:

Hand Weapons
 a - a +0 mace (weapon)
 b - a +0 hunting sling
Missiles
 e - 42 stones (quivered)
 l - 2 throwing nets
Armour
 f - a +0 chain mail (worn)
 m - a +0 cloak (worn)
Scrolls
 h - a scroll of remove curse {unknown}
Potions
 g - a potion of magic
 i - a potion of might
 j - a potion of brilliance {unknown}
 k - a potion of haste {unknown}
Comestibles
 c - a ration
 d - 4 chunks of flesh


   Skills:
 + Level 3.1 Fighting
 * Level 3.8 Maces & Flails
 + Level 1.4 Armour
 - Level 3.2 Dodging
 + Level 3.3 Stealth


You had 2 spell levels left.
You didn't know any spells.
Your spell library was empty.

Dungeon Overview and Level Annotations

Branches:
Dungeon (4/15)
 Temple: D:4-7

Altars:
Vehumet


Innate Abilities, Weirdness & Mutations

You are resistant to damage.
You can heal yourself by infusing magical energy.
You passively map a small area around you.
You do not regenerate.


Message History

You hit the kobold.
You kill the kobold!
You hit the ogre.
The ogre hits you with a +0 giant club!!
Ouch! That really hurt!
* * * LOW HITPOINT WARNING * * *
Found a stone staircase leading down.
Found 11 gold pieces.
Found a stone staircase leading down.
You see here 11 gold pieces.
Some of the chunks of flesh in your inventory have rotted away.
There is a stone staircase leading down here.
You open the door. The ogre hits you with a +0 giant club.
There is an open door here.
You open the door.
Found an escape hatch in the ceiling.
There is an open door here.
The ogre hits you with a +0 giant club!!
Ouch! That really hurt!
You die...

,..#.* #.###>$... . #.
#.# ###### , * ##+##
##...## # ## ##.....## #
##.# ##.......## #
#.#...####.........####
##......O.'.K.......'...
.......@###.........####
##.##<#.# ##.......## #
###.# ##.....## * ,* #.#
##...## , * #.# ##+##
#^# , ..# ** * #.. , *
** , *


You could see an ogre and a kobold.

Vanquished Creatures
  2 adders
  2 dart slugs
  A leopard gecko (D:2)
  5 giant cockroaches
  6 goblins
  2 hobgoblins
  5 jackals
  4 kobolds
  A quokka (D:2)
  A ball python (D:2)
  5 bats
  5 rats
39 creatures vanquished.

Notes
Turn   | Place    | Note
-------+----------+-------------------------------------------
     0 | D:1      | RoseArtemis the Deep Dwarf Monk began the quest for the
                  | Orb.
     0 | D:1      | Reached XP level 1. HP: 20/20 MP: 1/1
   135 | D:1      | Reached XP level 2. HP: 13/27 MP: 2/2
   566 | D:1      | Reached skill level 1 in Armour
   756 | D:1      | Reached XP level 3. HP: 15/34 MP: 3/3
  1037 | D:2      | You fall through a shaft for 2 floors!
  1038 | D:4      | Found a radiant altar of Vehumet.
  1042 | D:4      | Noticed an ogre
  1100 | D:3      | Mangled by an ogre

Levels and vault maps discovered:
D:1:      dpeg_arrival_rooms_c, layout_loops_ring, bh_walls_and_bars
D:2:      cheibrodos_helix_gallery, layout_rooms
D:3:      layout_loops_corners, gammafunk_ghost_grave, st_stairs_3,
          okawaru_altar_gauntlet_db
D:4:      layout_basic, overflow_temple_1_default, minitemple,
          minmay_temple_entry_antechambers, serial_shops, shop_statue,
          kennysheep_generic_room_12

Skill      XL: |  1  2 |
---------------+-------+-----
Armour         | 1 |  1.4
Fighting       | 3 |  3.1
Stealth        | 3 |  3.3
Maces & Flails | |  3.8
Dodging        | |  3.2

Action                   || total
-------------------------++-------
Melee: Mace              ||   138
 Fire: Hunting sling     ||    18
 Abil: Heal Wounds       ||     2
  Use: Scroll            ||     2
 Stab: Sleeping          ||     2
  Eat: Chunk             ||     1
Armor: Robe              ||    15
       Chain mail        ||   102
Dodge: Dodged            ||    99

Table legend:
 A = Non-vault XP
 B = Vault XP
 C = Vault XP percentage of total XP
 D = Non-vault monster count
 E = Vault monster count
 F = Vault count percentage of total count
                 A         B        C        D         E       F
            +---------+---------+-------+---------+---------+-------
      Total |      87 |       5 |   5.4 |      36 |       3 |   7.7
            +---------+---------+-------+---------+---------+-------
        D:1 |      49 |       0 |   0.0 |      21 |       0 |   0.0
        D:2 |      38 |       4 |   9.5 |      15 |       2 |  11.8
        D:3 |       0 |       1 | 100.0 |       0 |       1 | 100.0
            +---------+---------+-------+---------+---------+-------
